 Dungeon Crawl Stone Soup version 0.29-a0-721-g7f417c9bbb (webtiles) character file.

Game seed: 12750513789886596386

68 crusatyr the Cudgeller (level 4, 0/35 HPs)
             Began as a Demonspawn Monk on June 27, 2022.
             Slain by a jackal (2 damage)
             ... on level 1 of the Dungeon.
             The game lasted 00:03:43 (1590 turns).

crusatyr the Cudgeller (Demonspawn Monk)            Turns: 1590, Time: 00:03:43

Health: 0/35       AC:  3    Str: 14    XL:     4   Next: 1%
Magic:  4/4        EV: 12    Int: 11    God:
Gold:   71         SH:  0    Dex: 17    Spells: 3/3 levels left

rFire   . . .      SeeInvis .   g - +2 flail (vorpal)
rCold   . . .      Faith    .   (no shield)
rNeg    . . .      Spirit   .   e - +0 leather armour
rPois   .          Reflect  .   (helmet restricted)
rElec   .          Harm     .   (no cloak)
rCorr   .          Rampage  .   (no gloves)
Will    .....                   (no boots)
Stlth   +++.......              (no amulet)
HPRegen 0.11/turn               (no ring)
MPRegen 0.09/turn               (no ring)

@: no status effects
A: horns 1, thin skeletal structure 1, powered by death 1
a: no special abilities


You were on level 1 of the Dungeon.
You visited 1 branch of the dungeon, and saw 2 of its levels.

You collected 71 gold pieces.

Inventory:

Hand Weapons
 g - a +2 vorpal flail (weapon)
Armour
 e - a +0 leather armour (worn)
Jewellery
 a - an amulet of faith
Scrolls
 d - a scroll of noise {unknown}
 f - 2 scrolls of identify {unknown}
Potions
 c - a potion of ambrosia


   Skills:
 - Level 3.0 Fighting
 * Level 4.0 Maces & Flails
 + Level 1.6 Armour
 - Level 2.6 Dodging
 - Level 1.7 Stealth


You had 3 spell levels left.
You didn't know any spells.
Your spell library was empty.

Dungeon Overview and Level Annotations

Branches:
Dungeon (2/15)

Altars:

Annotations:
D:2 Sigmund


Innate Abilities, Weirdness & Mutations

You have a pair of small horns on your head.
You have a somewhat thin skeletal structure. (Dex +2, Stealth+)
You regenerate a little health from kills.


Message History

The jackal is lightly wounded.
The jackal bites you but does no damage.
The jackal closely misses you.
You hit the jackal.
You kill the jackal!
The jackal bites you but does no damage.
The jackal bites you.
* * * LOW HITPOINT WARNING * * *
You have reached level 4!
You feel stronger.
Your demonic ancestry asserts itself...
Your bones become slightly less dense.
The jackal attacks as you move away! The jackal bites you.
* * * LOW HITPOINT WARNING * * *
The jackal barely misses you. The jackal attacks as you move away!
The jackal misses you. The jackal closely misses you.
The jackal attacks as you move away! The jackal misses you.
You see here a +0 mace.
The jackal bites you but does no damage.
The jackal attacks as you move away!
The jackal bites you but does no damage.
The jackal closely misses you. The jackal attacks as you move away!
The jackal barely misses you. The jackal bites you.
* * * LOW HITPOINT WARNING * * *
The jackal attacks as you move away! The jackal barely misses you.
The jackal closely misses you.
Okay, then.
The jackal attacks as you move away!
The jackal bites you but does no damage.
The jackal attacks as you move away! The jackal closely misses you.
The jackal closely misses you.
You see here 8 stones.
The jackal barely misses you. The jackal attacks as you move away!
The jackal bites you but does no damage.
The jackal barely misses you. The jackal attacks as you move away!
The jackal barely misses you. The jackal bites you.
You die...

#.............##......# #.#####
#.##..#.#.#.#..#......####......
#.###......................##..#
##.##..#.#.#.#.##....(.##........
.#.##..........##......##.###.[..
........##.######.##.####...###..
##.###.†##.# #S##># #.....### #.#
#..##.######h##.# #......[#
#.###..........@.##.## #.)...###
#.........########...###...###..
#####..#..# #.....)..###...#
##.#..# ##...##......### #.#..#
##.####...###.. #### #.#..# ###
#..###)... ...# #.#..#
########....###..
...####.#..######.............###
..................#######.......#


You could see an adder and a jackal.

Vanquished Creatures
  Terence (D:2)
  A gnoll (D:1)
  A dart slug (D:2)
  4 ball pythons
  3 bats (D:1)
  3 endoplasms
  2 goblins (D:1)
  2 hobgoblins (D:1)
  4 jackals
  3 frilled lizards
  2 kobolds (D:1)
  3 rats (D:1)
29 creatures vanquished.

Notes
Turn   | Place    | Note
-------+----------+-------------------------------------------
     0 | D:1      | crusatyr the Demonspawn Monk began the quest for the Orb.
     0 | D:1      | Reached XP level 1. HP: 18/18 MP: 1/1
    80 | D:1      | Reached skill level 3 in Maces & Flails
   485 | D:1      | You fall into a shaft and drop 1 floor!
   515 | D:2      | Gained mutation: You have a pair of small horns on your
                  | head. [demonic ancestry]
   515 | D:2      | Reached XP level 2. HP: 8/24 MP: 2/2
  1073 | D:1      | Reached skill level 1 in Armour
  1078 | D:1      | Gained mutation: You regenerate a little health from kills.
                  | [demonic ancestry]
  1078 | D:1      | Reached XP level 3. HP: 18/29 MP: 3/3
  1474 | D:2      | Noticed Sigmund
  1510 | D:2      | Noticed Terence
  1513 | D:2      | Found a faded altar of an unknown god.
  1522 | D:2      | Killed Terence
  1540 | D:1      | HP: 1/29 [jackal (1)]
  1545 | D:1      | Reached skill level 4 in Maces & Flails
  1567 | D:1      | Gained mutation: You have a somewhat thin skeletal
                  | structure. (Dex +2, Stealth+) [demonic ancestry]
  1567 | D:1      | Reached XP level 4. HP: 3/35 MP: 4/4
  1568 | D:1      | HP: 1/35 [jackal (2)]
  1578 | D:1      | HP: 1/35 [jackal (2)]
  1590 | D:1      | Slain by a jackal

Illustrated notes

Levels and vault maps discovered:
D:1:      giann_bridges, layout_loops_ring, serial_glass, glass_columns_c,
          glass_columns_c, minivault_4, minmay_unequal
D:2:      layout_basic, basic_ecumenical_altar, uniq_sigmund, uniq_terence

Skill      XL: |  1  2  3 |
---------------+----------+-----
Maces & Flails | 3 4 |  4.0
Armour         | 1 |  1.6
Fighting       | |  3.0
Dodging        | |  2.6
Stealth        | |  1.7

Action                   |  1- 3 |  4- 6 || total
-------------------------+-------+-------++-------
Melee: Mace              |    48 |       ||    48
       Headbutt          |     9 |       ||     9
       Flail             |    46 |       ||    46
       Punch             |     1 |       ||     1
  Use: Potion            |     1 |       ||     1
 Stab: Sleeping          |     2 |       ||     2
Armor: Robe              |     3 |       ||     3
       Leather armour    |    27 |     4 ||    31
Dodge: Dodged            |    93 |    13 ||   106

Table legend: (Time is in decaauts)
 A = Elapsed time spent in this place.
 B = Non-inter-level travel time spent in this place.
 C = Inter-level travel time spent in this place.
 D = Time resting spent in this place.
 E = Time spent auto-exploring this place.
 F = Levels seen in this place.
 G = Mean time per level.
                   A        B        C        D        E       F      G
               +--------+--------+--------+--------+--------+-----+--------+
         Total |   1615 |   1557 |     58 |    180 |    935 |   2 |  807.5 |
       Dungeon |   1615 |   1557 |     58 |    180 |    935 |   2 |  807.5 |
               +--------+--------+--------+--------+--------+-----+--------+

Top non-repeatable levels by time:
     D:1: 1165 daAuts
     D:2: 449 daAuts
